AoeStats
← Hagerbows

Arabia

508067294Analyzed
1v1 RM · 10d ago on Sep 20, 2026· 29m 22s· 2 players
Game mode
Random Map
Map size
Tiny (2 player)
Population
200
Speed
Normal
Resources
Standard
Victory
Conquest
Starting age
Dark Age
Ending age
Imperial Age
RankedLock teamsTeams togetherTeam positionsShared explorationLock speedFull tech treeHidden civsTurbo modeCheats
Victory
Defeat
🇪🇸 Malay · Spain
894
+17
🇨🇦 Mongols · Canada
912
-17
Hagerbows
11:08 Feudal Age
11:44 Loom
16:40 Fletching
16:50 Padded Archer Armor
17:28 Double-Bit Axe
21:06 Wheelbarrow
23:48 Castle Age
22:57 Crossbowman
24:27 Thumb Ring
26:36 Gold Mining
26:36 Stone Mining
30:12 Ballistics
Peng [PSN]: Ggpenido
11:12 Feudal Age
13:35 Double-Bit Axe
16:10 Loom
20:01 Castle Age
21:58 Fletching
22:01 Town Watch
23:17 Wheelbarrow
23:29 Bow Saw
24:39 Bodkin Arrow
28:10 Padded Archer Armor
Connection lost

Rejoining the realm…

Still unreachable

The connection could not be restored.

Session expired

The server has moved on; the page needs a fresh start.